 Dungeon Crawl Stone Soup version 0.26.0-91-g99b343417d (webtiles) character file.

Game seed: 929138550711641914

10973 Gadfly the Carver (level 11, -17/98 HPs)
             Began as a Palentonga Delver on Feb 4, 2021.
             Was an Initiate of Gozag.
             Demolished by an enormous slime creature (84 damage)
             ... on level 10 of the Dungeon.
             The game lasted 00:26:21 (15556 turns).

Gadfly the Carver (Palentonga Delver)              Turns: 15556, Time: 00:26:21

Health: -17/98     AC: 16    Str: 25    XL:     11   Next: 43%
Magic:  11/11      EV: 16    Int: 11    God:    Gozag
Gold:   1737       SH:  0    Dex: 11    Spells: 8/10 levels left

rFire    . . .     SeeInvis +   b - +3 great sword (flame)
rCold    . . .     Faith    .   (shield currently unavailable)
rNeg     . . .     Spirit   .   p - +0 leather armour
rPois    .         Reflect  .   K - +1 hat
rElec    .         Harm     .   q - +0 cloak
rCorr    .         Rampage  .   (no gloves)
Will     .....                  (no barding)
Stlth    ++........             (no amulet)
HPRegen  0.26/turn              w - +4 ring of evasion
MPRegen  0.12/turn              z - +6 ring of strength

@: curled up
A: large, talons 1, rugged brown scales 3, see invisible, deformed body, shaggy
fur 2, roll 1, armoured tail, reflexive curl
a: Rolling Charge, Renounce Religion, Potion Petition, Call Merchant, Bribe
Branch


You were on level 10 of the Dungeon.
You worshipped Gozag.
Gozag was most pleased with you.
You visited 2 branches of the dungeon, and saw 11 of its levels.

You collected 2096 gold pieces.
You spent 210 gold pieces at shops.
You paid 149 gold pieces to Gozag.

Inventory:

Hand Weapons
 a - a +2 scimitar of flaming
 b - a +3 great sword of flaming (weapon)
 L - a +2 dagger of electrocution
 M - a +0 scimitar of freezing
Armour
 l - a +0 ring mail
 p - a +0 leather armour (worn)
 q - a +0 cloak (worn)
 t - the +2 leather armour of the Great Game {-Cast rN+++ Dex-3 Stlth+}
   (You found it on level 6 of the Dungeon)

   It affects your dexterity (-3).
   It renders you almost immune to negative energy.
   It prevents spellcasting.
   It makes you more stealthy.
 K - a +1 hat (worn)
Jewellery
 j - an uncursed ring of protection from cold
 w - a +4 ring of evasion (left hand)
 z - a +6 ring of strength (right hand)
Wands
 g - a wand of digging (2)
 v - a wand of flame (49)
 B - a wand of disintegration (7)
 C - a wand of polymorph (9)
 E - a wand of random effects (30)
 F - a wand of paralysis (16)
 J - a wand of acid (10)
Scrolls
 c - 7 scrolls of fog
 d - 6 scrolls of magic mapping
 e - 4 scrolls of fear
 i - 2 scrolls of remove curse
 r - a scroll of blinking
 s - 5 scrolls of teleportation
 y - a scroll of enchant weapon
 G - a scroll of summoning
 I - 2 scrolls of enchant armour
Potions
 f - a potion of haste
 h - 2 potions of lignification
 k - a potion of heal wounds
 m - 2 potions of attraction
 n - 3 potions of curing
 u - 2 potions of might
 x - 6 potions of ambrosia
 A - 4 potions of flight
 D - a potion of resistance
 H - a potion of cancellation
Miscellaneous
 o - a condenser vane (inert)


   Skills:
 + Level 7.4 Fighting
 * Level 9.8 Long Blades
 * Level 7.1 Armour
 * Level 7.0 Dodging
 - Level 3.3 Stealth
 + Level 6.8 Evocations


You had 8 spell levels left.
You knew the following spells:

 Your Spells              Type           Power        Failure   Level
a - Blink                 Tloc           N/A          52%         2

Your spell library contained the following spells:

 Spells                   Type           Power        Failure   Level
 Animate Skeleton         Necr           0%           36%         1
 Apportation              Tloc           0%           36%         1
 Corona                   Hex            0%           36%         1
 Magic Dart               Conj           0%           36%         1
 Summon Small Mammal      Summ           0%           36%         1
 Call Imp                 Summ           0%           52%         2
 Ensorcelled Hibernation  Hex/Ice        0%           52%         2
 Slow                     Hex            0%           52%         2
 Confusing Touch          Hex            0%           75%         3
 Conjure Flame            Conj/Fire      0%           75%         3
 Dazzling Flash           Conj/Hex       0%           75%         3
 Gell's Gravitas          Tloc           0%           75%         3
 Inner Flame              Hex/Fire       0%           75%         3
 Lesser Beckoning         Tloc           0%           75%         3
 Mephitic Cloud           Conj/Pois/Air  0%           75%         3
 Portal Projectile        Hex/Tloc       0%           75%         3
 Static Discharge         Conj/Air       0%           75%         3
 Teleport Other           Tloc           0%           75%         3
 Tukima's Dance           Hex            0%           75%         3
 Cause Fear               Hex            0%           98%         4
 Leda's Liquefaction      Hex/Erth       0%           98%         4
 Passage of Golubria      Tloc           N/A          98%         4
 Freezing Cloud           Conj/Ice/Air   0%           100%        6


Dungeon Overview and Level Annotations

Branches:
Dungeon (10/15)            Temple (1/1) D:4            Lair (0/6) D:8
    Orc (0/2) D:10

Altars:
Ashenzari
Cheibriados
Dithmenos
Elyvilon
Fedhas
Gozag
Hepliaklqana
Kikubaaqudgha
Makhleb
Nemelex Xobeh
Okawaru
Qazlal
Ru
Sif Muna
Trog
Uskayaw
Vehumet
Wu Jian
Xom
Yredelemnul
Zin
The Shining One

Shops:
D:10 [

Annotations:
D:9 3 runed translucent doors, Sweeb's ghost, novice OpFi


Innate Abilities, Weirdness & Mutations

You are completely covered in rugged brown scales. (AC +3, +7% HP)
You have supernaturally acute eyesight. (SInv)
Armour fits poorly on your strangely shaped body.
You can roll at nearby foes to attack.
You have a long armoured tail.
You curl defensively after being hit.
You have sharp toenails.
You are covered in thick fur. (AC +2)


Message History

The very large slime creature is moderately wounded.
The very large slime creature closely misses you.
You riposte.
You slash the very large slime creature!
You burn the very large slime creature.
The very large slime creature is heavily wounded.
You barely miss the very large slime creature.
You claw the very large slime creature!
You tail-slap the very large slime creature.
The very large slime creature is heavily wounded.
The very large slime creature hits you!!
Two slime creatures merge to form an enormous slime creature.
The bullfrog snags a nearby small bird with its tongue.
You hit the enormous slime creature. You burn the enormous slime creature.
You tail-slap the enormous slime creature.
The enormous slime creature is moderately wounded.
The enormous slime creature hits you!!!!
Ouch! That really hurt!
You die...
Your body crumbles into a pile of gold.

.#######################
....YFJ@................
.###############........
#........ ##........
###..##.##..
##...........
#..#.........
#.##.........
#............


You could see an enormous slime creature, an ice beast and a bullfrog.

Vanquished Creatures
  3 two-headed ogres
  Erica (D:8)
  A cyclops (D:8)
  A centaur zombie (D:10)
  Maggie (D:9)
  2 hornets
  2 trolls
  A queen bee (D:9)
  A yak (D:8)
  A wraith (D:10)
  A wyvern (D:8)
  2 basilisks (D:8)
  A water moccasin (D:10)
  An eye of draining (D:10)
  7 orc warriors
  4 sky beasts
  3 phantoms
  An ice beast (D:10)
  A necrophage (D:7)
  5 ogres
  3 centaurs
  A big kobold (D:9)
  2 bullfrogs (D:10)
  A gnoll sergeant (D:10)
  A water moccasin skeleton (D:9)
  3 scorpions
  24 killer bees (D:9)
  2 howler monkeys (D:4)
  7 wights
  2 lava snakes (D:8)
  A quasit (D:9)
  4 hounds
  10 orc priests
  A jelly (D:2)
  Crazy Yiuf (D:3)
  3 centaur skeletons
  7 iguanas
  13 orc wizards
  4 worker ants
  A hound zombie (D:7)
  A hound skeleton (D:4)
  Robin (D:2)
  5 gnolls (D:10)
  9 adders
  A shadow imp (D:4)
  2 white imps
  4 ufetubi
  An ooze (D:4)
  2 adder skeletons
  2 adder zombies
  4 worms
  3 dart slugs
  4 leopard geckos
  25 orcs
  6 bats
  7 giant cockroaches
  12 goblins
  11 hobgoblins
  22 jackals
  11 quokkas
  5 frilled lizards
  A giant cockroach zombie (D:5)
  12 kobolds
  A leopard gecko skeleton (D:5)
  A quokka skeleton (D:4)
  4 rats
288 creatures vanquished.

Vanquished Creatures (others)
  2 fungi (D:3)
2 creatures vanquished.

Grand Total: 290 creatures vanquished

Notes
Turn   | Place    | Note
-------+----------+-------------------------------------------
     0 | D:5      | Gadfly the Palentonga Delver began the quest for the Orb.
     0 | D:5      | Reached XP level 1. HP: 20/20 MP: 1/1
   545 | D:2      | Reached XP level 2. HP: 26/27 MP: 2/2
  1189 | D:1      | Reached skill level 1 in Armour
  1260 | D:1      | Reached XP level 3. HP: 33/33 MP: 3/3
  2078 | D:1      | Reached skill level 1 in Evocations
  2411 | D:2      | Noticed Robin
  2694 | D:2      | Killed Robin
  3076 | D:2      | Reached XP level 4. HP: 40/40 MP: 4/4
  4382 | D:3      | Found a faded altar of an unknown god.
  4395 | D:3      | Reached skill level 3 in Long Blades
  4478 | D:3      | Reached XP level 5. HP: 45/48 MP: 5/5
  4587 | D:3      | Found a runed translucent door.
  4588 | D:3      | Noticed Crazy Yiuf
  4597 | D:3      | Killed Crazy Yiuf
  4844 | D:4      | Noticed an ogre
  4857 | D:4      | Killed an ogre
  5260 | D:2      | Reached XP level 6. HP: 47/54 MP: 6/6
  5769 | D:4      | You fall into a shaft and drop 2 floors!
  5895 | D:6      | Got a brightly glowing leather armour
  5906 | D:6      | Identified the +2 leather armour of the Great Game {-Cast
                  | rN+++ Dex-3 Stlth+} (You found it on level 6 of the
                  | Dungeon)
  6012 | D:6      | Noticed a sky beast
  6101 | D:6      | Killed a sky beast
  6137 | D:6      | Found a broken altar of Ashenzari.
  6141 | D:6      | Saw a vision of the Shoals and the Spider Nest.
  6141 | D:6      | Noticed a wind drake
  6141 | D:6      | Noticed a merfolk siren
  6141 | D:6      | Noticed a wind drake
  6141 | D:6      | Noticed a redback
  6141 | D:6      | Noticed a wolf spider
  6141 | D:6      | Noticed a merfolk siren
  6141 | D:6      | Noticed a redback
  6141 | D:6      | Noticed a sea snake
  6141 | D:6      | Noticed a wind drake
  6141 | D:6      | Noticed a hornet
  6141 | D:6      | Noticed a wolf spider
  6141 | D:6      | Noticed a hornet
  6141 | D:6      | Noticed a merfolk siren
  6141 | D:6      | Noticed a wolf spider
  6141 | D:6      | Noticed a merfolk siren
  6142 | D:6      | Noticed a redback
  6202 | D:6      | Reached skill level 4 in Long Blades
  6202 | D:6      | Gained mutation: You curl defensively after being hit.
                  | [Palentonga growth]
  6202 | D:6      | Reached XP level 7. HP: 57/62 MP: 7/7
  6518 | D:4      | Found a staircase to the Ecumenical Temple.
  6537 | Temple   | Entered the Ecumenical Temple
  6743 | Temple   | Became a worshipper of Gozag Ym Sagoz the Greedy
  6942 | D:4      | Gained mutation: You have a pair of small horns on your
                  | head. [potion of mutation]
  6942 | D:4      | Gained mutation: You are frail. (-10% HP) [potion of
                  | mutation]
  6942 | D:4      | Gained mutation: You possess an exceptional clarity of
                  | mind. [potion of mutation]
  8006 | D:5      | Identified Goteil's Incunabulum of Weightlessness and
                  | Translocation
  8747 | D:6      | Found a stormy altar of Qazlal.
  8927 | D:7      | Reached XP level 8. HP: 61/64 MP: 8/8
  8939 | D:6      | Reached skill level 5 in Long Blades
  9641 | D:8      | Noticed Erica
  9648 | D:7      | Reached skill level 6 in Long Blades
  9694 | D:7      | Reached skill level 5 in Fighting
 10044 | D:8      | Found a staircase to the Lair.
 10062 | D:8      | Reached XP level 9. HP: 40/71 MP: 9/9
 10228 | D:8      | Reached skill level 5 in Evocations
 10508 | D:8      | Killed Erica
 10509 | D:8      | Reached skill level 7 in Long Blades
 10917 | D:8      | Reached skill level 5 in Armour
 11347 | D:8      | Noticed a cyclops
 11409 | D:8      | Lost mutation: You are frail. (-10% HP) [potion of
                  | mutation]
 11409 | D:8      | Lost mutation: You possess an exceptional clarity of mind.
                  | [potion of mutation]
 11409 | D:8      | Lost mutation: You have a pair of small horns on your head.
                  | [potion of mutation]
 11409 | D:8      | Gained mutation: You are covered in fur. (AC +1) [potion of
                  | mutation]
 11409 | D:8      | Gained mutation: You have sharp toenails. [potion of
                  | mutation]
 11409 | D:8      | Gained mutation: You are covered in thick fur. (AC +2)
                  | [potion of mutation]
 11714 | D:8      | Killed a cyclops
 11715 | D:8      | Reached skill level 8 in Long Blades
 11715 | D:8      | Reached skill level 5 in Dodging
 11715 | D:8      | Reached XP level 10. HP: 88/88 MP: 10/10
 12231 | D:9      | Noticed Maggie
 12233 | D:9      | Paralysed by Maggie for 2 turns
 12239 | D:9      | Killed Maggie
 12364 | D:9      | Noticed a two-headed ogre
 12382 | D:9      | Killed a two-headed ogre
 12709 | D:9      | Found a runed translucent gate.
 12709 | D:9      | Found a runed translucent gate.
 12709 | D:9      | Found a runed translucent gate.
 12710 | D:9      | Noticed Sweeb's ghost (novice OpFi)
 12834 | D:9      | Noticed a two-headed ogre
 12840 | D:9      | Killed a two-headed ogre
 12853 | D:9      | Reached skill level 9 in Long Blades
 13216 | D:9      | Reached XP level 11. HP: 58/98 MP: 11/11
 13635 | D:9      | Learned a level 2 spell: Blink
 13985 | D:10     | Entered Level 10 of the Dungeon
 14030 | D:10     | Found Uraeh's Antique Armour Boutique.
 14032 | D:10     | Paralysed by a hornet for 2 turns
 14276 | D:10     | Bought an embroidered hat for 210 gold pieces
 14303 | D:10     | Noticed a two-headed ogre
 14311 | D:10     | Killed a two-headed ogre
 14837 | D:10     | Found a staircase to the Orcish Mines.
 15502 | D:10     | Found a snail-covered altar of Cheibriados.
 15556 | D:10     | Demolished by an enormous slime creature

Illustrated notes

Levels and vault maps discovered:
D:1:      saegor_arrival_simple_c, layout_loops_ring
D:2:      minmay_chambers_of_ones, layout_basic, chequers_serial_rivers_small_3,
          minmay_misc_feat_columns, lightli_corner_chamber, uniq_robin
D:3:      layout_basic, chequers_ecumenical_altar_simple_redux,
          minmay_quadrilaterals, uniq_crazy_yiuf_cottage
D:4:      layout_basic, minmay_temple_entry_proselytizer, minmay_pentangle
D:5:      layout_loops_ring
D:6:      layout_basic, lemuel_doored_altar, grunt_ashenzari_visionary
          [grunt_ashenzari_visionary_shoals, grunt_ashenzari_visionary_spider]
D:7:      layout_cave_pools
D:8:      layout_loops_ring, david_lair_generic, kennysheep_island_fort,
          uniq_erica
D:9:      layout_roguey [special_room_bee], gammafunk_ghost_nasty_kobolds,
          uniq_maggie
D:10:     layout_rooms, david_orc_3, serial_shops, nicolae_shop_behind_doors,
          shop, basic_altar, minivault_24
Temple:   kilobyte_greek_temple

Skill      XL: |  1  2  3  4  5  6  7  8  9 10 11 |
---------------+----------------------------------+-----
Armour         | 1 2 3 4 5 6 7 |  7.1
Evocations     | 1 2 3 4 5 6 |  6.8
Dodging        | 2 3 4 5 6 7 |  7.0
Long Blades    | 3 4 6 8 9 |  9.8
Fighting       | 4 5 6 7 |  7.4
Stealth        | |  3.3

Action                   |  1- 3 |  4- 6 |  7- 9 | 10-12 || total
-------------------------+-------+-------+-------+-------++-------
Melee: Falchion          |   124 |   190 |   137 |       ||   451
       Tailslap          |    18 |    33 |    36 |    49 ||   136
       Headbutt          |       |       |    36 |       ||    36
       Great sword       |       |       |    55 |    88 ||   143
       Scimitar          |       |       |    43 |   144 ||   187
       Kick              |       |       |     2 |    79 ||    81
 Abil: Rolling Charge    |    13 |    17 |    29 |    19 ||    78
Evoke: Wand              |       |     1 |       |     2 ||     3
       Condenser vane    |       |       |       |     1 ||     1
  Use: Scroll            |     4 |     2 |    12 |     1 ||    19
       Potion            |       |     1 |     7 |     1 ||     9
 Stab: Sleeping          |     2 |     6 |     4 |       ||    12
       Distracted        |       |       |     3 |     3 ||     6
Armor: Leather armour    |    53 |    72 |    78 |    48 ||   251
       Skin              |       |       |       |    33 ||    33
Dodge: Dodged            |    57 |   104 |   151 |   139 ||   451
       Rpst.: Falchion   |    13 |    31 |    27 |       ||    71
       Great sword       |       |       |    10 |    24 ||    34
       Scimitar          |       |       |    13 |    21 ||    34
